AoeStats
← President of USA

Black Forest

510296426Analyzed
4v4 RM · 22h ago on Sep 30, 2026· 62m 1s· 8 players
Game mode
Random Map
Map size
Large (8 player)
Population
200
Speed
Normal
Resources
Standard
Victory
Conquest
Starting age
Dark Age
Ending age
Imperial Age
RankedLock teamsTeams togetherTeam positionsShared explorationLock speedFull tech treeHidden civsTurbo modeCheats
Victory
Defeat
🇦🇺 Burgundians · Australia
1170
+15
🇦🇺 Ethiopians · Australia
1120
+17
🇦🇺 Romans · Australia
1117
+17
🇨🇳 Huns · China
1115
+17
🇮🇩 Mongols · Indonesia
1187
-18
🇨🇳 Persians · China
1185
-18
🇩🇪 Varangians · Germany
1163
-17
🇲🇦 Bohemians · Morocco
1057
-13
johnnychallitasteam1995
12:47 Feudal Age
13:15 Double-Bit Axe
19:29 Castle Age
18:47 Scale Mail Armor
19:36 Gold Mining
26:59 Horse Collar
33:16 Imperial Age
32:12 Bow Saw
32:00 Stone Mining
36:20 Wheelbarrow
36:48 Elite Skirmisher
38:49 Thumb Ring
39:28 Padded Archer Armor
39:18 Fletching
41:40 Chemistry
44:25 Heavy Plow
45:28 Two-Man Saw
45:01 Leather Archer Armor
47:08 Murder Holes
48:01 Bodkin Arrow
48:37 Ring Archer Armor
50:00 Halberdier
51:17 Bracer
55:10 Guilds
55:08 Elite Shotel Warrior
55:48 Torsion Engines
55:49 Royal Heirs
56:09 Chain Mail Armor
56:04 Forging
62:35 Plate Mail Armor
62:41 Iron Casting
lamp
3:33 Double-Bit Axe
10:44 Feudal Age
15:44 Castle Age
13:45 Horse Collar
14:28 Bow Saw
14:27 Horse Collar
15:11 Heavy Plow
17:50 Gold Mining
18:11 Loom
19:07 Wheelbarrow
18:44 Loom
21:01 Hand Cart
21:51 Scale Barding Armor
21:57 Forging
23:06 Chain Barding Armor
22:12 Cavalier
23:54 Husbandry
25:18 Gold Shaft Mining
26:17 Iron Casting
27:22 Stone Mining
32:13 Imperial Age
31:28 Two-Man Saw
31:00 Crop Rotation
30:49 Fervor
30:32 Fletching
30:42 Padded Archer Armor
31:33 Bodkin Arrow
32:21 Ballistics
31:27 Elite Skirmisher
33:02 Leather Archer Armor
32:23 Paladin
33:06 Bracer
33:43 Plate Barding Armor
34:53 Blast Furnace
35:09 Chemistry
35:29 Stone Shaft Mining
39:35 Conscription
39:36 Caravan
40:07 Coinage
42:41 Burgundian Vineyards
46:36 Hoardings
President of USA
2:17 Loom
3:26 Loom
12:50 Feudal Age
14:09 Double-Bit Axe
16:55 Castle Age
14:44 Horse Collar
18:06 Bow Saw
18:21 Heavy Plow
19:32 Wheelbarrow
28:57 Imperial Age
26:32 Gold Mining
28:01 Gold Shaft Mining
27:17 Stone Mining
28:07 Scale Barding Armor
28:14 Forging
28:19 Husbandry
28:30 Bloodlines
29:35 Chain Barding Armor
29:36 Marauders
30:19 Conscription
30:19 Hand Cart
30:04 Town Watch
31:06 Iron Casting
32:07 Plate Barding Armor
32:14 Elite Tarkan
34:18 Blast Furnace
33:09 Fletching
34:56 Masonry
34:42 Murder Holes
35:09 Ballistics
36:03 Two-Man Saw
37:40 Arson
37:55 Squires
37:16 Pikeman
38:02 Scale Mail Armor
37:58 Bodkin Arrow
38:31 Caravan
41:05 Chain Mail Armor
40:43 Man-at-Arms
41:33 Halberdier
42:21 Bodkin Arrow
43:28 Chemistry
43:03 Light Cavalry
44:31 Hussar
46:15 Bracer
48:17 Town Patrol
60:47 Spies/Treason
Killed by Tony
0:39 Loom
12:08 Feudal Age
17:15 Castle Age
15:50 Double-Bit Axe
16:12 Horse Collar
23:38 Bow Saw
23:41 Heavy Plow
26:30 Wheelbarrow
30:54 Imperial Age
29:14 Gold Mining
29:15 Stone Mining
30:03 Ballistas
30:59 Hand Cart
30:34 Man-at-Arms
31:14 Squires
31:49 Ballistics
31:41 Town Watch
31:37 Heavy Scorpion
33:24 Chemistry
32:18 Long Swordsman
33:43 Conscription
34:13 Siege Engineers
34:34 Fletching
34:55 Forging
34:45 Scale Mail Armor
35:04 Caravan
35:22 Capped Ram
36:58 Siege Ram
37:10 Pikeman
39:12 Murder Holes
39:28 Fortified Wall
39:05 Legionary
41:05 Chain Mail Armor
40:47 Bodkin Arrow
45:08 Iron Casting
62:18 Comitatenses
63:03 Blast Furnace
62:01 Spies/Treason
Chelsea Smile
11:31 Feudal Age
12:14 Double-Bit Axe
12:20 Gold Mining
13:56 Fishing Lines
14:57 Wheelbarrow
15:06 Wheelbarrow
23:58 Castle Age
21:50 Stone Mining
22:15 Fletching
22:25 Padded Archer Armor
22:31 Town Watch
25:07 Bow Saw
25:33 Gold Shaft Mining
25:35 Stone Shaft Mining
25:33 Gillnets
25:54 Bodkin Arrow
26:14 Leather Archer Armor
26:03 Husbandry
26:13 Bloodlines
26:10 Thumb Ring
26:28 Ballistics
27:35 Murder Holes
27:53 Fortified Wall
32:05 Imperial Age
31:41 Coinage
31:12 Caravan
32:16 Masonry
32:56 Nomads
33:21 Conscription
32:21 Elite Mangudai
34:27 Bracer
35:54 Hand Cart
35:39 Town Patrol
37:35 Chemistry
37:07 Scale Barding Armor
37:13 Forging
40:28 Iron Casting
苍真
11:39 Feudal Age
15:20 Castle Age
13:23 Horse Collar
13:57 Fishing Lines
14:48 Double-Bit Axe
20:26 Wheelbarrow
24:53 Gillnets
25:05 Loom
29:40 Imperial Age
27:23 Gold Mining
27:42 Scale Barding Armor
28:29 Forging
28:36 Heavy Plow
29:21 Chain Barding Armor
29:41 Bloodlines
30:17 Iron Casting
31:05 Plate Barding Armor
30:40 Caravan
30:17 Cavalier
30:58 Husbandry
31:43 Savar
32:37 Light Cavalry
34:13 Gold Shaft Mining
33:32 Stone Mining
34:12 Hand Cart
33:42 Heavy Camel Rider
35:29 Stone Shaft Mining
36:03 Blast Furnace
36:24 Chemistry
35:45 Ballistics
36:37 Hussar
37:57 Scale Mail Armor
37:47 Fletching
39:20 Chain Mail Armor
38:56 Onager
40:50 Crop Rotation
41:04 Conscription
41:58 Plate Mail Armor
41:23 Bodkin Arrow
41:03 Capped Ram
44:08 Town Watch
48:56 Masonry
48:42 Guard Tower
49:17 Pikeman
49:58 Squires
50:04 Halberdier
50:11 Heavy Scorpion
noloomregret
13:24 Feudal Age
14:27 Double-Bit Axe
18:27 Castle Age
16:49 Horse Collar
19:44 Bow Saw
19:36 Heavy Plow
26:01 Loom
34:23 Wheelbarrow
39:23 Pikeman
40:09 Squires
41:19 Scale Mail Armor
41:30 Forging
42:12 Hand Cart
43:31 Chain Mail Armor
43:51 Iron Casting
48:01 Imperial Age
51:19 Chemistry
50:39 Ballistics
50:25 Siege Engineers
50:08 Halberdier
51:23 Plate Mail Armor
51:54 Blast Furnace
noziemann
0:27 Loom
11:23 Feudal Age
16:57 Castle Age
15:23 Double-Bit Axe
19:27 Town Watch
21:57 Bow Saw
23:58 Fishing Lines
25:24 Horse Collar
27:08 Heavy Plow
28:08 Wheelbarrow
31:29 Imperial Age
29:11 Town Patrol
29:39 Scale Barding Armor
30:09 Hand Cart
30:59 Chain Barding Armor
30:55 Masonry
30:55 Vendel Legacy
31:49 Forging
33:08 Bloodlines
32:51 Elite Varangian Guard
34:01 Arson
34:17 Squires
34:20 Scale Mail Armor
34:08 Gambesons
35:18 Chain Mail Armor
35:57 Iron Casting
36:56 Conscription
37:09 Gothikon
39:06 Gold Mining
40:16 Siege Engineers
41:24 Plate Mail Armor
41:55 Blast Furnace
40:50 Stone Mining
42:05 Onager
43:40 Husbandry
43:51 Caravan
44:09 Cavalier
47:56 Light Cavalry
Connection lost

Rejoining the realm…

Still unreachable

The connection could not be restored.

Session expired

The server has moved on; the page needs a fresh start.